 Dungeon Crawl Stone Soup version 0.24.1-4-ge52af88ad5 (webtiles) character file.

Game seed: 16403397631443615115, levelgen mode: deterministic

25 lepoulpe303 the Ruffian (level 2, 0/23 HPs)
             Began as a Draconian Transmuter on Apr 20, 2020.
             Slain by Natasha (6 damage)
             ... on level 2 of the Dungeon.
             The game lasted 00:02:31 (941 turns).

lepoulpe303 the Ruffian (Draconian Transmuter)       Turns: 941, Time: 00:02:31

Health: 0/23       AC:  4    Str: 12    XL:     2   Next: 82%
Magic:  2/5        EV: 12    Int: 13    God:
Gold:   56         SH:  0    Dex: 11    Spells: 2/5 levels left

rFire    . . .     SeeInvis .     - Unarmed
rCold    . . .     Gourm    .   (no shield)
rNeg     . . .     Faith    .   (armour unavailable)
rPois    .         Spirit   .   (helmet restricted)
rElec    .         Reflect  .   (no cloak)
rCorr    .         Harm     .   (no gloves)
MR       .....                  (boots currently unavailable)
Stlth    +.........             (no amulet)
HPRegen  0.07/turn              (no ring)
MPRegen  0.09/turn              (no ring)

@: appendage
A: unfitting armour, talons 3, cold-blooded, AC +4
a: End Transformation


You were on level 2 of the Dungeon.
You were not hungry.
You had grown temporary talons.
You visited 1 branch of the dungeon, and saw 2 of its levels.

You collected 56 gold pieces.

Inventory:

Missiles
 h - 8 poisoned darts (quivered)
 Q - 36 arrows
Scrolls
 a - 2 scrolls of enchant armour {unknown}
 b - a scroll of teleportation {unknown}
 c - 4 scrolls of identify {unknown}
 d - 2 scrolls of remove curse {unknown}
 f - a scroll of blinking {unknown}
Potions
 i - 2 potions of magic {unknown}
Comestibles
 e - 2 rations
 g - 7 chunks of flesh


   Skills:
 + Level 1.3 Fighting
 + Level 2.0 Dodging
 * Level 3.3 Unarmed Combat
 + Level 2.1 Spellcasting
 * Level 2.5 Transmutations


You had 2 spell levels left.
You knew the following spells:

 Your Spells              Type           Power        Failure   Level  Hunger
a - Beastly Appendage     Tmut           #.....       9%          1    ##.....
s - Sticks to Snakes      Tmut           #.......     14%         2    ###....

Your spell library contained the following spells:

 Spells                   Type           Power        Failure   Level  Hunger
 Spider Form              Tmut/Pois      #.........   41%         3    ####...
 Ice Form                 Ice/Tmut       #.......     83%         4    #####..
 Blade Hands              Tmut           #.........   94%         5    ######.


Dungeon Overview and Level Annotations

Branches:
Dungeon (2/15)

Altars:
Ashenzari

Annotations:
D:2 Natasha


Innate Abilities, Weirdness & Mutations

Your plain brown scales are hard. (AC +4)
You cannot fit into any form of body armour.
You are cold-blooded and may be slowed by cold attacks.
You have claws for feet.


Message History

Natasha glows brightly for a moment.
Natasha casts a spell.
The crimson imp blinks!
There is an open door, spattered with blood here.
MP restored: 5 You close the door.
Natasha opens the door.
Your feet morph into talons.
Natasha claws you.
* * * LOW HITPOINT WARNING * * *
Natasha claws you.
* * * LOW HITPOINT WARNING * * *
You take 9 damage, and have 6/23 hp.
MASSIVE DAMAGE!!
You now have 4/5 mp.
You create a snake!
You now have 36 arrows.
Natasha barely misses you.
You now have 2/5 mp.
You barely miss Natasha. You claw Natasha.
You feel yourself speed up. Natasha claws you.
You die...

####### ###
####.....###...#
#......S.@.....# ####
#.###.###h###..########...
#รท# #5# .........##
#.###5###.#####.###.##
#.+..5###.# # #.....
#.###.###.# #.#.#.## #.#
#.# #.....# #.###'###.#
#####.#.## #.........#
#.>.......


You could see Natasha, a crimson imp, 2 white imps and a friendly ball python.

Levels and vault maps discovered:
D:1:      minmay_arrival_hallway, layout_basic
D:2:      layout_loops_corners, lemuel_doored_altar, first_ration, uniq_terence,
          uniq_natasha

Notes
Turn   | Place    | Note
-------+----------+-------------------------------------------
     0 | D:1      | lepoulpe303 the Draconian Transmuter began the quest for
                  | the Orb.
     0 | D:1      | Reached XP level 1. HP: 16/16 MP: 3/3
   145 | D:1      | Identified a +0 dagger
   221 | D:1      | Reached XP level 2. HP: 20/23 MP: 5/5
   228 | D:1      | Learned a level 2 spell: Sticks to Snakes
   244 | D:1      | Reached skill level 2 in Dodging
   560 | D:1      | Identified a +0 club
   903 | D:2      | Found a shattered altar of Ashenzari.
   927 | D:2      | Noticed Natasha
   935 | D:2      | Noticed a crimson imp
   941 | D:2      | Slain by Natasha

Table legend:
 A = Turns spent in this place as a percentage of turns spent in the entire game.
 B = Non-inter-level travel turns spent in this place as a percentage of non-inter-level travel turns spent in the entire game.
 C = Inter-level travel turns spent in this place as a percentage of turns spent in this place.
 D = Turns resting spent in this place as a percentage of non-inter-level travel turns spent in this place.
 E = Turns spent auto-exploring this place as a percentage of non-inter-level travel turns spent in this place.
 F = Non-inter-level travel turns spent in this place divided by the number of levels of this place that you've seen.
                   A       B       C       D       E      F
               +-------+-------+-------+-------+-------+----------------------
         Total | 100.0 | 100.0 |   3.2 |   0.7 |  80.4 | 455.5
       Dungeon | 100.0 | 100.0 |   3.2 |   0.7 |  80.4 | 455.5
               +-------+-------+-------+-------+-------+----------------------

Table legend:
 A = Kills in this place as a percentage of kills in entire the game.
 B = Kills by you in this place as a percentage of kills by you in the entire game.
 C = Kills by friends in this place as a percentage of kills by friends in the entire game.
 D = Other kills in this place as a percentage of other kills in the entire game.
 E = Experience gained in this place as a percentage of experience gained in the entire game.
 F = Experience gained in this place divided by the number of levels of this place that you have seen.
                   A       B       C       D       E      F
               +-------+-------+-------+-------+-------+----------------------
         Total | 100.0 | 100.0 | 100.0 |   N/A | 100.0 |  18.0
       Dungeon | 100.0 | 100.0 | 100.0 |   N/A | 100.0 |  18.0
               +-------+-------+-------+-------+-------+----------------------

Skill      XL: |  1  2 |
---------------+-------+-----
Dodging        | 2 |  2.0
Fighting       | |  1.3
Unarmed Combat | |  3.3
Spellcasting   | |  2.1
Transmutations | |  2.5

Action                   || total
-------------------------++-------
Melee: Unarmed           ||    46
       Headbutt          ||     2
       Kick              ||     2
       Tailslap          ||     2
 Cast: Beastly Appendage ||     5
       Sticks to Snakes  ||     2
 Stab: Sleeping          ||     1
Armor: Skin              ||     9
Dodge: Dodged            ||    21

Vanquished Creatures
  2 dart slugs
  2 leopard geckos (D:1)
  2 bats (D:1)
  A giant cockroach (D:1)
  2 goblins
  A hobgoblin (D:1)
  2 frilled lizards (D:1)
  3 kobolds (D:1)
  4 rats (D:1)
19 creatures vanquished.

Vanquished Creatures (collateral kills)
  A worm (D:2)
1 creature vanquished.

Grand Total: 20 creatures vanquished
